 Dungeon Crawl Stone Soup version 0.30.1 (webtiles) character file.

Game seed: 2017158437204854212

35 shmup the Firebug (level 3, -3/19 HPs)
             Began as a Tengu Fire Elementalist on July 12, 2023.
             Slain by an orc
             ... wielding a +0 dagger
              (4 damage)
             ... on level 3 of the Dungeon.
             The game lasted 00:04:33 (1677 turns).

shmup the Firebug (Tengu Fire Elementalist)         Turns: 1677, Time: 00:04:34

Health: -3/19      AC:  2    Str:  8    XL:     3   Next: 35%
Magic:  2/7        EV: 12    Int: 17    God:
Gold:   79         SH:  0    Dex: 14    Spells: 3/6 levels left

rFire   . . .        j - +0 dagger
rCold   . . .        (no shield)
rNeg    . . .        a - +0 robe
rPois   .            (helmet restricted)
rElec   .            (no cloak)
rCorr   .            (no gloves)
SInv    .            (boots unavailable)
Will    .....        (no amulet)
Stlth   ++           (no ring)
HPRegen 0.23/turn    (no ring)
MPRegen 0.10/turn

%: no passive effects
@: no status effects
A: beak, talons 3
a: no special abilities


You were on level 3 of the Dungeon.
You visited 1 branch of the dungeon, and saw 3 of its levels.

You collected 79 gold pieces.

Inventory:

Hand Weapons
 e - a +0 whip
 j - a +0 dagger (weapon)
Missiles
 n - 12 stones (quivered)
Armour
 a - a +0 robe (worn)
 p - the +0 ring mail "Alalim" {rElec rF+}
   (You found it on level 2 of the Dungeon)

   rF:        It protects you from fire.
   rElec:     It insulates you from electricity.
Wands
 o - a wand of charming (8)
Scrolls
 c - a scroll of vulnerability {unknown}
 d - 2 scrolls of blinking {unknown}
 f - a scroll of enchant weapon {unknown}
 k - a scroll of torment {unknown}
 m - a scroll of brand weapon {unknown}
 q - a scroll of identify {unknown}
Potions
 b - a potion of magic
 g - a potion of haste {unknown}
 h - a potion of flight {unknown}
 i - a potion of curing {unknown}
 l - a potion of might {unknown}
 r - a potion of berserk rage {unknown}


   Skills:
 + Level 2.6 Dodging
 + Level 2.3 Stealth
 + Level 2.3 Spellcasting
 + Level 2.1 Conjurations
 * Level 3.7 Fire Magic


You had 3 spell levels left.
You knew the following spells:

 Your Spells              Type           Power      Damage    Failure   Level
a - Foxfire               Conj/Fire      48%        2x1d6     5%          1
b - Scorch                Fire           28%        2d6       6%          2

Your spell library contained the following spells:

 Spells                   Type           Power      Damage    Failure   Level
 Inner Flame              Hex/Fire       8%         N/A       26%         3
 Volatile Blastmotes      Fire/Tloc      16%        2d11      26%         3
 Vhi's Electric Charge    Tloc/Air       2%         N/A       50%         3
 Flame Wave               Conj/Fire      12%        2d6       50%         4
 Manifold Assault         Tloc           1%         N/A       88%         4
 Arcjolt                  Conj/Air       2%         1d12      98%         5
 Dispersal                Tloc           0%         N/A       100%        6
 Plasma Beam              Fire/Air       4%         2x1d15    100%        6
 Disjunction              Tloc           0%         N/A       100%        8


Dungeon Overview and Level Annotations

Branches:
Dungeon (3/15)

Altars:
Cheibriados

Shops:
D:2 (


Innate Abilities, Weirdness & Mutations

You have a beak for a mouth.
You have claws for feet.


Message History

The foxfire hits the orc.
The orc is moderately wounded.
Casting: Foxfire (safe; 5% risk of failure)
Confirm with . or Enter, or press ? or * to list all spells.
You conjure some foxfire!
The orc hits you with a +0 flail.
The foxfire hits the orc but does no damage.
The orc is moderately wounded.
The foxfire hits the orc but does no damage.
The orc is moderately wounded.
The orc hits you with a +0 flail!
* * * LOW HITPOINT WARNING * * *
The orc attacks as you move away! The orc barely misses you.
The orc attacks as you move away! The orc barely misses you.
The orc attacks as you move away! The orc hits you with a +0 flail.
* * * LOW HITPOINT WARNING * * *
The orc attacks as you move away! The orc barely misses you.
Unknown command.
Unknown command.
Casting: Foxfire (safe; 5% risk of failure)
Confirm with . or Enter, or press ? or * to list all spells.
Okay, then.
Unknown command.
Casting: Foxfire (safe; 5% risk of failure)
Confirm with . or Enter, or press ? or * to list all spells.
Flames lash the orc.
You kill the orc!
The orc barely misses you.
Unknown command.
Unknown command.
Casting: Scorch (safe; 6% risk of failure)
Confirm with . or Enter, or press ? or * to list all spells.
You don't have enough magic to cast this spell.
Unknown command.
Unknown command.
The orc attacks as you move away! The orc hits you with a +0 dagger.
* * * LOW HITPOINT WARNING * * *
The orc attacks as you move away! The orc hits you with a +0 dagger.
* * * LOW HITPOINT WARNING * * *
The orc attacks as you move away! The orc hits you with a +0 dagger.
You die...

▒......▒.▒.▒.▒.▒.▒
▒.▒▒▒...%..▒.▒.▒.▒▒▒▒▒▒▒▒▒▒
▒.▒▒▒.....>..▒.▒.▒.........
▒.▒......▒▒......▒.▒▒▒▒▒▒▒.
▒.▒......▒.....▒▒▒.▒▒......
▒▒▒▒.............)......)%....
▒▒▒<..........▒..g▒.....▒▒.▒▒▒..
▒...............o...▒▒▒▒▒ .▒
▒.▒..........▒▒Q..▒▒▒ .▒
▒.▒▒.▒................. .▒
▒.▒▒.▒............▒..▒▒ ..
▒.▒▒.▒▒▒▒▒.▒....▒.▒▒.▒ ..
▒.▒▒.▒▒ ▒.........▒ .▒ ..
▒.....▒ ▒..▒...▒... .
▒.....▒▒▒..▒......▒▒ ▒
▒▒......)......▒▒.▒
▒.....▒.▒........▒


You could see an orc and a goblin.

Vanquished Creatures
  2 dart slugs (D:1)
  2 orcs (D:3)
  4 ball pythons
  3 endoplasms (D:1)
  3 goblins
  A hobgoblin (D:3)
  2 quokkas
  4 bats
  4 frilled lizards (D:1)
  2 kobolds
  3 rats
30 creatures vanquished.

Vanquished Creatures (others)
  63 foxfires
63 creatures vanquished.

Grand Total: 93 creatures vanquished

Notes
Turn   | Place    | Note
-------+----------+-------------------------------------------
     0 | D:1      | shmup the Tengu Fire Elementalist began the quest for the
                  | Orb.
     0 | D:1      | Reached XP level 1. HP: 10/10 MP: 4/4
   250 | D:1      | Reached XP level 2. HP: 15/15 MP: 4/6
   568 | D:1      | Learned a level 2 spell: Scorch
   919 | D:2      | Found a faded altar of an unknown god.
   986 | D:2      | Found Ycok's Antique Weapon Emporium.
  1131 | D:2      | Reached XP level 3. HP: 19/19 MP: 5/7
  1216 | D:2      | Identified the +0 ring mail "Alalim" {rElec rF+}
  1267 | D:2      | Found a snail-covered altar of Cheibriados.
  1677 | D:3      | Slain by an orc

Illustrated notes

Levels and vault maps discovered:
D:1:      psy_arrival_statuary, layout_loops_ring
D:2:      layout_basic, ebering_ecumenical_altar_ruins, basic_altar,
          serial_shops, shop
D:3:      layout_basic, gammafunk_ghost_cemetery, hex_intersection

Skill      XL: |  1  2 |
---------------+-------+-----
Conjurations   | 2 |  2.1
Dodging        | |  2.6
Stealth        | |  2.3
Spellcasting   | |  2.3
Fire Magic     | |  3.7

Action                     || total
---------------------------++-------
  Melee: Whip              ||     5
         Peck              ||     1
   Cast: Foxfire           ||    37
         Scorch            ||     4
 Armour: Robe              ||     4
  Dodge: Dodged            ||    26
